Map: Forteresse de fer EC

Players

Vaalrock

  • Race: Zerg Zerg
  • League: Grandmaster

AgCl - Winner!

  • Race: Protoss Protoss
  • League: Grandmaster

VOD

Have the link to the VOD?

Description

Time

  • Played on: June 10, 2015, 5:38 p.m.
  • Length: 11:17
Show
View Real Time Build Order
Export as new Build Order

Vaalrock Zerg 

Build Orders: Hatch First 

Get SALT Encoding   

  12  0:01  Drone  
  13  0:08  Drone  
  14  0:14  Extractor  
  14  0:15  Drone  
  15  0:24  Overlord  
  15  0:43  Drone x2  
  17  0:56  Hatchery  
  16  1:00  Drone  
  17  1:05  Drone  
  18  1:13  Drone  
  20  1:18  Drone  
  20  1:24  Spawning Pool  
  19  1:28  Drone  
  20  1:32  Extractor  
  20  1:38  Drone  
  20  1:49  Overlord  
  20  2:05  Drone  
  21  2:11  Queen x2  
  21  2:12  Zergling x4  
  27  2:21  Drone  
  27  2:22  Drone  
  29  2:43  Drone  
  30  2:44  Drone x3  
  31  2:58  Pneumatized Carapace  
  31  2:59  Queen  
  33  3:07  Overlord  
  33  3:16  Hatchery  
  33  3:17  Spore Crawler  
  31  3:20  Spore Crawler, Drone x2  
  32  3:32  Roach Warren  
  31  3:35  Extractor  
  31  3:36  Drone x2  
  32  3:43  Zergling x6  
  35  3:57  Drone x4  
  35  3:58  Drone  
  40  4:11  Overlord  
  40  4:13  Drone x2  
  40  4:14  Drone x2  
  42  4:33  Drone x2  
  42  4:34  Drone x3  
  45  4:43  Queen  
  47  4:45  Extractor  
  47  4:46  Extractor  
  47  4:48  Lair  
  45  4:53  Drone x3  
  45  4:58  Evolution Chamber  
  47  5:01  Evolution Chamber  
  47  5:06  Overlord  
  46  5:08  Drone x3  
  46  5:09  Drone  
  46  5:13  Drone x4  
  54  5:16  Drone  
  54  5:18  Drone  
  56  5:33  Zerg Missile Weapons Level 1  
  56  5:36  Zerg Ground Armor Level 1  
  58  5:42  Drone x2  
  58  5:43  Drone x5  
  58  5:45  Extractor  
  58  5:46  Extractor  
  58  5:49  Overlord  
  61  5:50  Overlord  
  61  6:02  Hydralisk Den  
  61  6:04  Queen x3  
  66  6:13  Drone  
  66  6:14  Drone x6  
  73  6:23  Drone  
  73  6:24  Overlord  
  74  6:37  Overlord x3  
  72  6:44  Overlord  
  72  6:45  Overlord  
  72  6:53  Overlord  
  72  6:58  Hydralisk x9  
  90  7:14  Hydralisk  
  90  7:15  Hydralisk x5  
  98  7:27  Queen x2  
  98  7:28  Hydralisk  
  98  7:29  Hydralisk x2  
  104  7:36  Hydralisk  
  94  7:37  Hydralisk x2  
  88  7:46  Roach x4  
  90  7:52  Hydralisk x2  
  85  7:59  Roach  
  85  8:00  Roach  
  83  8:06  Roach  
  79  8:14  Roach  
  79  8:15  Roach x2  
Show
View Real Time Build Order
Export as new Build Order

AgCl Protoss - Winner!

Build Orders: Oracle Opening, Carrier Rush 

Get SALT Encoding   

  12  0:07  Probe  
  13  0:23  Probe  
  13  0:26  Pylon  
  14  0:37  Assimilator  
  14  0:44  Probe  
  14  0:46  Gateway  
  15  0:56  Probe (Chrono Boost)  
  16  1:07  Probe (Chrono Boost)  
  17  1:14  Probe (Chrono Boost)  
  17  1:18  Pylon  
  18  1:25  Probe  
  19  1:34  Zealot (Chrono Boost)  
  19  1:37  Probe  
  22  1:43  Cybernetics Core  
  22  1:49  Probe  
  23  2:01  Probe, Assimilator  
  24  2:21  Stargate  
  25  2:23  Nexus  
  24  2:30  Probe (Chrono Boost)  
  25  2:37  Pylon  
  25  2:41  Probe (Chrono Boost)  
  26  2:48  Probe (Chrono Boost)  
  25  2:59  Gateway, Probe  
  26  3:11  Oracle (Chrono Boost)  
  26  3:12  Warp Gate (Chrono Boost)  
  29  3:18  Probe, Pylon  
  30  3:26  Adept  
  34  3:34  Mothership Core (Chrono Boost)  
  34  3:37  Assimilator  
  34  3:39  Probe (Chrono Boost)  
  36  3:49  Probe (Chrono Boost)  
  36  3:52  Probe (Chrono Boost)  
  37  3:58  Probe (Chrono Boost)  
  39  4:03  Probe (Chrono Boost), Fleet Beacon  
  39  4:06  Probe (Chrono Boost)  
  41  4:10  Probe (Chrono Boost)  
  41  4:12  Assimilator  
  41  4:13  Probe (Chrono Boost)  
  42  4:22  Probe (Chrono Boost)  
  44  4:25  Probe (Chrono Boost)  
  44  4:30  Probe (Chrono Boost)  
  45  4:33  Probe (Chrono Boost)  
  47  4:38  Probe  
  47  4:42  Probe  
  47  4:44  Pylon  
  48  4:48  Carrier (Chrono Boost)  
  48  4:50  Probe  
  48  4:51  Graviton Catapult  
  49  4:59  Probe  
  50  5:00  Pylon  
  50  5:03  Protoss Air Weapons Level 1 (Chrono Boost)  
  50  5:04  Pylon  
  56  5:10  Probe (Chrono Boost)  
  56  5:11  Probe (Chrono Boost)  
  60  5:22  Probe (Chrono Boost)  
  60  5:24  Gateway  
  60  5:25  Probe (Chrono Boost)  
  60  5:28  Probe (Chrono Boost)  
  60  5:32  Probe  
  60  5:35  Forge  
  62  5:38  Carrier (Chrono Boost)  
  62  5:40  Probe  
  63  5:44  Probe  
  63  5:46  Gateway  
  64  5:53  Probe  
  71  6:18  Photon Cannon  
  71  6:23  Gateway  
  71  6:25  Pylon  
  70  6:33  Carrier (Chrono Boost)  
  70  6:38  Nexus, Protoss Ground Weapons Level 1  
  70  6:42  Pylon  
  70  6:47  Pylon, Stargate  
  70  6:51  Twilight Council  
  76  6:57  Adept  
  76  6:58  Adept x3  
  84  7:01  Probe  
  85  7:14  Protoss Air Weapons Level 2  
  85  7:15  Probe  
  86  7:25  Carrier (Chrono Boost)  
  86  7:26  Adept x2  
  86  7:27  Adept x2, Carrier (Chrono Boost)  
  86  7:28  Probe  
  92  8:01  Adept x2  
  92  8:02  Adept x2  
  96  8:49  Shield Upgrade  
Tags
 
Add a new tag
Caveats
  • Supply blocks, unpowered buildings, or Contaminate may cause inaccurate times.
  • Supply counts are checked every 10 seconds.